 Dungeon Crawl Stone Soup version 0.24.0-124-g2791043dd8 (webtiles) character file.

Game seed: 7250465798880315133, levelgen mode: deterministic

95592 Amplified the Thaumaturge (level 15, -4/123 HPs)
             Began as a Mummy Wizard on Feb 14, 2020.
             Was an Initiate of Gozag.
             Slain by an orc warlord
             ... wielding a +4 dire flail of holy wrath
              (16 damage)
             ... on level 1 of the Orcish Mines on Feb 15, 2020.
             The game lasted 01:16:37 (29827 turns).

Amplified the Thaumaturge (Mummy Wizard)           Turns: 29827, Time: 01:16:37

Health: -4/123     AC: 18    Str: 18    XL:     15   Next: 66%
Magic:  0/33       EV: 17    Int: 23    God:    Gozag
Gold:   1118       SH:  0    Dex: 11    Spells: 27/43 levels left

rFire    . . .     SeeInvis +   u - +7 demon blade (flame)
rCold    + + .     Gourm    .   (no shield)
rNeg     + + +     Faith    .   f - +2 leather armour of the Pure Souls {Str+5}
rPois    ∞         Spirit   +   d - +3 crown of Dyrovepreva {rElec Int+2 SInv}
rElec    +         Reflect  .   m - +2 cloak {+Inv}
rCorr    .         Harm     .   p - +2 pair of gloves
MR       +....                  w - +2 pair of boots
Stlth    +.........             k - amulet of guardian spirit
HPRegen  0.30/turn              e - ring of protection from cold
MPRegen  0.23/turn              c - ring of protection from fire

@: no status effects
A: no food or potions, fire vulnerability, cold resistance 1, negative energy
resistance 3, torment resistance, unbreathing, in touch with death 1
a: Potion Petition, Call Merchant, Bribe Branch, Renounce Religion, Evoke
Invisibility


You were on level 1 of the Orcish Mines.
You worshipped Gozag.
Gozag was most pleased with you.
You were not hungry.

You visited 7 branches of the dungeon, and saw 28 of its levels.
You visited the Abyss 1 time.

You collected 7296 gold pieces.
You spent 2912 gold pieces at shops.
You paid 3266 gold pieces to Gozag.

Inventory:

Hand Weapons
 u - a +7 demon blade of flaming (weapon)
 x - the +7 short sword of Karma {flame, -Tele rElec rF+++ SInv}
   (You bought it in a shop on level 10 of the Dungeon)

   It has been specially enchanted to burn those struck by it, causing extra
   injury to most foes and up to half again as much damage against particularly
   susceptible opponents.
   It renders you almost immune to fire.
   It insulates you from electricity.
   It lets you see invisible.
   It prevents most forms of teleportation.
 z - the +12 falchion "Lolec" {protect, Str-3 Int+4}
   (You bought it in a shop on level 10 of the Dungeon)

   It grants its wielder temporary protection when it strikes (+7 to AC).
   It affects your strength (-3).
   It affects your intelligence (+4).
Armour
 d - the +3 crown of Dyrovepreva (worn) {rElec Int+2 SInv}
   (You bought it in a shop on level 5 of the Lair of Beasts)

   It affects your intelligence (+2).
   It insulates you from electricity.
   It lets you see invisible.
 f - the +2 leather armour of the Pure Souls (worn) {Str+5}
   (You bought it in a shop on level 8 of the Dungeon)

   It affects your strength (+5).
 m - a +2 cloak of invisibility (worn)
 p - a +2 pair of gloves (worn)
 r - a +2 robe of positive energy
 t - a +2 leather armour of poison resistance
 w - a +2 pair of boots (worn)
 A - the +3 leather armour of Honour {-Tele rF+ rN+ MR+}
   (You bought it in a shop on level 8 of the Dungeon)

   It protects you from fire.
   It protects you from negative energy.
   It affects your resistance to hostile enchantments.
   It prevents most forms of teleportation.
Jewellery
 c - a ring of protection from fire (right hand)
 e - a ring of protection from cold (left hand)
 g - a +3 ring of dexterity
 h - an uncursed amulet of magic regeneration
 k - an amulet of guardian spirit (around neck)
 o - an uncursed ring of protection from cold
 s - an uncursed ring of ice
Wands
 a - a wand of random effects (6)
 q - a wand of polymorph (5)
Scrolls
 b - a scroll of amnesia
 i - 4 scrolls of fog
 j - 8 scrolls of remove curse
 n - 6 scrolls of teleportation
 y - a scroll of enchant armour
 B - 3 scrolls of identify
 D - a scroll of fear


   Skills:
 * Level 13.0 Fighting
 - Level 14.0 Long Blades
 * Level 5.0 Armour
 * Level 10.4 Dodging
 - Level 1.5 Stealth
 - Level 14.6 Spellcasting
 - Level 0.7 Conjurations
 - Level 0.7 Summonings
 - Level 0.7 Translocations
 - Level 2.6 Transmutations
 - Level 2.5 Earth Magic


You had 27 spell levels left.
You knew the following spells:

 Your Spells              Type           Power        Failure   Level  Hunger
a - Confusing Touch       Hex            ###...       4%          1    N/A
b - Call Imp              Summ           ###.....     4%          2    N/A
c - Blink                 Tloc           N/A          4%          2    N/A
d - Mephitic Cloud        Conj/Pois/Air  ###.....     12%         3    N/A
e - Conjure Flame         Conj/Fire      ###.....     11%         3    N/A
f - Petrify               Tmut/Erth      ####....     14%         4    N/A
g - Apportation           Tloc           ###...       3%          1    N/A

Your spell library contained the following spells:

 Spells                   Type           Power        Failure   Level  Hunger
 Magic Dart               Conj           ###.         3%          1    N/A
 Summon Butterflies       Summ           ###.....     3%          1    N/A
 Searing Ray              Conj           ###...       4%          2    N/A
 Slow                     Hex            ###.....     6%          2    N/A
 Call Canine Familiar     Summ           ###.....     10%         3    N/A
 Gell's Gravitas          Tloc           ###.......   10%         3    N/A
 Lesser Beckoning         Tloc           ###.......   10%         3    N/A
 Confuse                  Hex            ###.....     12%         3    N/A
 Tukima's Dance           Hex            ###.....     12%         3    N/A
 Fulminant Prism          Conj/Hex       ###.......   34%         4    N/A
 Alistair's Intoxication  Tmut/Pois      ###.....     54%         5    N/A
 Yara's Violent Unravell  Hex/Tmut       ###.......   54%         5    N/A
 Metabolic Englaciation   Hex/Ice        ###.......   75%         5    N/A
 Invisibility             Hex            ###.....     99%         6    N/A
 Spellforged Servitor     Conj/Summ      ###.......   100%        7    N/A

Dungeon Overview and Level Annotations

Branches:
Dungeon (14/15)            Temple (1/1) D:5            Lair (6/6) D:10
 Shoals (1/4) Lair:2       Spider (1/4) Lair:2        Slime (0/5) Lair:5
    Orc (2/2) D:12            Elf (3/3) Orc:2
 Vaults: D:13-14

Altars:
Ashenzari
Cheibriados
Dithmenos
Elyvilon
Fedhas
Gozag
Hepliaklqana
Kikubaaqudgha
Makhleb
Nemelex Xobeh
Okawaru
Qazlal
Ru
Sif Muna
Trog
Uskayaw
Vehumet
Wu Jian
Xom
Yredelemnul
Zin
The Shining One
Jiyva

Shops:
D:6 ?   D:8 [   D:10 (=   D:11 }   Orc:2 (}([   Lair:5 *

Annotations:
D:13 Rupert
Lair:1 exclusion: 2 oklob plants
Lair:3 Invisible horror!
Lair:5 Kaofid's ghost, journeyman GrEE


Innate Abilities, Weirdness & Mutations

You do not eat or drink.
Your flesh is vulnerable to fire.
You are immune to poison.
Your flesh is cold resistant. (rC+)
You are immune to negative energy. (rN+++)
You are immune to unholy pain and torment.
You can survive without breathing.
You are in touch with the powers of death.


Message History

The orc warlord is engulfed in noxious fumes.
The orc warlord hits you with a +4 dire flail of holy wrath!
You convulse.
Unknown command.
You slash the orc warlord! You burn the orc warlord.
The orc warlord is heavily wounded.
The orc warlord is engulfed in noxious fumes.
The orc warlord hits you with a +4 dire flail of holy wrath!!
You convulse!!
* * * LOW HITPOINT WARNING * * *
Unknown command.
The orc warlord is engulfed in noxious fumes.
Items here: )) [[ a +0 plate armour; a +0 dire flail; a +0 robe; a +0 dagger The orc warlord is engulfed in noxious fumes.
The orc warlord hits you with a +4 dire flail of holy wrath!!
* * * LOW HITPOINT WARNING * * *
You convulse!!
You die...
Your body crumbles into a pile of gold.

#.......[)...........#...
######..........[.#......#...
##(##..#.................##..#
##.(..................#.##.....
#)...#................#.#......
###.#............................
.(.(#...#..#..................#.#
.((.#..##.......o.........#..##..
...T#...#.......@......#.........
....##.#.#.##....##.......#......
....##....####.#.##.#............
#####....## ##.............#####
##.### ##.##.#...#.### ###
############


You could see an orc warlord.

Vanquished Creatures
  Kirke (Lair:4)
  A deep elf sorcerer (Elf:1)
  A deep elf elementalist (Orc:2)
  A deep elf demonologist (Elf:3)
  Snorg (Orc:2)
  Harold (Lair:2)
  A merfolk avatar (Lair:6)
  2 hydras (Lair:5)
  A centaur warrior (D:13)
  2 death knights
  12 two-headed ogres
  2 ogre magi (Orc:2)
  5 death yaks (Lair:5)
  2 orc high priests (Elf:1)
  A tengu warrior (D:13)
  4 deep elf knights
  Sonja (D:10)
  2 deep trolls
  An unseen horror (D:13)
  A swamp dragon (Elf:1)
  2 deep elf archers (Elf:1)
  A lindwurm (Lair:5)
  9 orc knights
  A harpy (Lair:6)
  4 orc sorcerers
  Pikel (D:5)
  5 cyclopes
  30 deep elf magi
  A wolf spider (Spider:1)
  2 manticores (Lair:6)
  2 centaur zombies
  8 elephants
  4 black mambas
  11 spiny frogs
  6 rime drakes
  2 freezing wraiths
  7 komodo dragons
  A kobold demonologist (Orc:1)
  A merfolk (Lair:2)
  11 trolls
  A tyrant leech (Lair:4)
  7 polar bears (Lair:6)
  4 wind drakes
  9 hippogriffs
  5 dream sheep (Lair:4)
  24 blink frogs
  A dream sheep (shapeshifter) (D:9)
  A meliai zombie (D:13)
  2 basilisks
  2 tarantellas (Spider:1)
  2 wyverns
  3 hogs (D:8)
  A human (D:8)
  A shadow (D:13)
  A water elemental (Elf:1)
  18 yaks
  Eustachio (D:6)
  2 fire elementals (Elf:1)
  5 wraiths
  3 hungry ghosts
  A steam dragon (D:12)
  7 vampire mosquitoes (D:13)
  2 small abominations
  3 swamp worms (Lair:4)
  11 water moccasins
  24 orc warriors
  8 porcupines
  4 sky beasts
  4 ice beasts
  A slave (D:5)
  4 black bears
  A necrophage (D:7)
  A phantom (D:8)
  An eye of draining (D:13)
  12 wolves
  24 ogres
  10 crocodiles
  5 centaurs
  8 big kobolds
  Blork the orc (D:4)
  18 bullfrogs
  An earth elemental (Elf:1)
  A wyvern zombie (D:8)
  A wyvern skeleton (D:11)
  5 scorpions
  A killer bee (D:8)
  4 wights (D:9)
  3 howler monkeys
  5 crimson imps
  6 jellies
  2 bullfrog zombies
  6 hounds
  Crazy Yiuf (D:3)
  3 centaur skeletons
  20 orc priests
  3 bullfrog skeletons
  19 orc wizards
  6 iguanas
  Terence (D:2)
  16 worker ants
  A hound zombie (D:8)
  A hound skeleton (D:8)
  A worker ant zombie (D:9)
  5 gnolls
  7 adders
  A shadow imp (D:8)
  An ufetubus (D:5)
  An adder zombie (D:9)
  2 worms
  4 leopard geckos
  59 orcs
  8 bats
  4 giant cockroaches
  4 goblins
  12 hobgoblins
  4 jackals
  5 quokkas
  A ball python (D:4)
  6 frilled lizards
  18 kobolds
  A leopard gecko skeleton (D:8)
  3 quokka skeletons
  7 rats
  A plant (Lair:6)
656 creatures vanquished.

Vanquished Creatures (collateral kills)
  An orc (D:13)
  A jackal (D:1)
2 creatures vanquished.

Vanquished Creatures (others)
  2 dancing weapons (Elf:1)
  A deep elf mage (Elf:1)
  A demonic crawler (Lair:4)
  A hog (D:8)
  4 humans (Lair:4)
  A big kobold (Orc:1)
  18 fungi
  14 plants
  2 starspawn tentacles (Abyss:1)
44 creatures vanquished.

Grand Total: 702 creatures vanquished

Notes
Turn   | Place    | Note
-------+----------+-------------------------------------------
     0 | D:1      | Amplified the Mummy Wizard began the quest for the Orb.
     0 | D:1      | Reached XP level 1. HP: 13/13 MP: 5/5
   367 | D:1      | Reached XP level 2. HP: 13/20 MP: 4/7
   610 | D:1      | Reached skill level 1 in Fighting
  1039 | D:1      | Learned a level 2 spell: Call Imp
  1174 | D:1      | Learned a level 2 spell: Blink
  1376 | D:1      | Reached XP level 3. HP: 19/26 MP: 0/9
  2279 | D:3      | Found a runed translucent door.
  2280 | D:3      | Noticed Crazy Yiuf
  2526 | D:3      | Learned a level 3 spell: Mephitic Cloud
  2593 | D:3      | Killed Crazy Yiuf
  2593 | D:3      | Reached XP level 4. HP: 14/33 MP: 1/10
  2752 | D:4      | Reached skill level 5 in Spellcasting
  2911 | D:4      | Noticed Blork the orc
  2922 | D:4      | Reached XP level 5. HP: 38/39 MP: 4/12
  3229 | D:3      | Reached XP level 6. HP: 26/47 MP: 1/14
  3461 | D:2      | Noticed Terence
  3470 | D:2      | Killed Terence
  3479 | D:2      | Learned a level 3 spell: Conjure Flame
  3563 | D:2      | Found a sparkling altar of Nemelex Xobeh.
  4141 | D:4      | Killed Blork the orc
  4388 | D:5      | Entered Level 5 of the Dungeon
  4429 | D:5      | Reached XP level 7. HP: 48/54 MP: 13/16
  4434 | D:5      | Found a white marble altar of Elyvilon.
  4436 | D:5      | Noticed Pikel
  4487 | D:5      | Killed Pikel
  4487 | D:5      | Reached skill level 5 in Fighting
  4821 | D:5      | Found a basalt altar of Yredelemnul.
  4824 | D:5      | Found a radiant altar of Vehumet.
  4827 | D:5      | Found a bloodstained altar of Trog.
  4947 | D:5      | Found a staircase to the Ecumenical Temple.
  4953 | Temple   | Entered the Ecumenical Temple
  5144 | Temple   | Became a worshipper of Gozag Ym Sagoz the Greedy
  5317 | D:6      | Reached XP level 8. HP: 45/62 MP: 7/19
  5487 | D:6      | Found Silulov's Magic Scroll Shoppe.
  5507 | D:6      | Noticed Eustachio
  5519 | D:6      | Killed Eustachio
  5559 | D:6      | Reached skill level 5 in Dodging
  5905 | D:6      | Found a snail-covered altar of Cheibriados.
  6648 | D:7      | Reached XP level 9. HP: 40/71 MP: 12/22
  7504 | D:8      | Noticed a two-headed ogre
  7516 | D:8      | Killed a two-headed ogre
  7516 | D:8      | Reached skill level 10 in Spellcasting
  7583 | D:8      | Found an opulent altar of Gozag.
  7927 | D:8      | Bought a polished leather armour for 224 gold pieces
  7937 | D:8      | Identified the +2 leather armour of the Pure Souls {Str+5}
                  | (You bought it in a shop on level 8 of the Dungeon)
  7982 | D:8      | Reached XP level 10. HP: 58/81 MP: 9/24
  8417 | D:8      | Noticed a centaur warrior
  8450 | D:8      | HP: 3/82 [centaur warrior/arrow (10)]
  9048 | D:9      | Found a shattered altar of Ashenzari.
  9511 | D:9      | Noticed a glowing shapeshifter
  9511 | D:9      | a worker ant changed into a glowing shapeshifter
  9511 | D:9      | Noticed a lindwurm
  9511 | D:9      | a glowing shapeshifter changed into a lindwurm
  9513 | D:9      | a lindwurm changed into a dream sheep
  9818 | D:9      | Got a warped plate armour
  9819 | D:9      | Identified the cursed +0 plate armour of the Eight
                  | Blessings {*Drain rElec rF+ rCorr} (You found it on level 9
                  | of the Dungeon)
  9859 | D:10     | Entered Level 10 of the Dungeon
  9862 | D:10     | Noticed a two-headed ogre
 10020 | D:10     | Found Puluyrar's Antique Weapon Shop.
 10045 | D:10     | Bought an ichor-stained short sword for 248 gold pieces
 10045 | D:10     | Bought an ancient falchion for 248 gold pieces
 10045 | D:10     | Identified the +7 short sword of Karma {flame, -Tele rElec
                  | rF+++ SInv} (You bought it in a shop on level 10 of the
                  | Dungeon)
 10046 | D:10     | Identified the +12 falchion "Lolec" {protect, Str-3 Int+4}
                  | (You bought it in a shop on level 10 of the Dungeon)
 10196 | D:10     | Killed a two-headed ogre
 10406 | D:10     | Noticed a two-headed ogre
 10425 | D:10     | Killed a two-headed ogre
 10425 | D:10     | Reached skill level 1 in Long Blades
 10425 | D:10     | Reached XP level 11. HP: 46/90 MP: 11/27
 10431 | D:10     | Noticed Sonja
 10599 | D:8      | Bought a translucent leather armour for 224 gold pieces
 10609 | D:8      | Identified the +3 leather armour of Honour {-Tele rF+ rN+
                  | MR+} (You bought it in a shop on level 8 of the Dungeon)
 11052 | D:10     | Reached skill level 10 in Fighting
 11088 | D:10     | Cast into level 1 of the Abyss (Sonja)
 11110 | Abyss:1  | Found a corrupted altar of Lugonu.
 11119 | Abyss:1  | Found a corrupted altar of Lugonu.
 11142 | Abyss:1  | Noticed a sixfirhy
 11144 | Abyss:1  | Noticed a large abomination
 11146 | Abyss:1  | Noticed a phantasmal warrior
 11202 | Abyss:1  | Noticed a white draconian annihilator
 11203 | Abyss:1  | Noticed a tentacled starspawn
 11267 | D:10     | Escaped the Abyss
 11575 | D:10     | Killed Sonja
 11627 | D:10     | Found a staircase to the Lair.
 12103 | D:11     | Found a radiant altar of Vehumet.
 12232 | D:11     | Found Duef's Gadget Shop.
 12490 | D:12     | Found an ornate altar of the Wu Jian Council.
 12791 | D:12     | Noticed a death knight
 12872 | D:12     | Killed a death knight
 13103 | D:12     | Found a staircase to the Orcish Mines.
 13462 | Orc:1    | Entered Level 1 of the Orcish Mines
 13464 | Orc:1    | Noticed an orc knight
 13528 | D:12     | Killed an orc knight
 13528 | D:12     | Reached skill level 5 in Long Blades
 13835 | Orc:1    | Noticed a soul eater
 13867 | Orc:1    | Reached XP level 12. HP: 97/99 MP: 17/29
 13968 | Orc:2    | Entered Level 2 of the Orcish Mines
 14105 | Lair:1   | Entered Level 1 of the Lair of Beasts
 14898 | Lair:2   | Found a staircase to the Shoals.
 14934 | Lair:2   | Noticed Harold
 14968 | Lair:2   | Killed Harold
 15079 | Lair:2   | Found a hole to the Spider Nest.
 15110 | Lair:2   | Learned a level 1 spell: Confusing Touch
 15834 | Lair:3   | Reached skill level 1 in Armour
 15901 | Lair:3   | Noticed a seven-headed hydra
 15908 | Lair:3   | a seven-headed hydra changed into something unseen
 15984 | Lair:3   | Got a crude plate armour
 15992 | Lair:3   | Identified the +1 plate armour of Follow the Leader {Str+4}
                  | (You found it on level 3 of the Lair of Beasts)
 16284 | Lair:3   | Noticed a five-headed hydra
 17337 | D:13     | Noticed a tengu warrior
 17376 | D:13     | Killed a tengu warrior
 17382 | D:13     | Gained mutation: You are in touch with the powers of death.
                  | [Mummy growth]
 17382 | D:13     | Reached XP level 13. HP: 65/106 MP: 4/30
 18241 | D:13     | Noticed Rupert
 18358 | D:13     | Learned a level 4 spell: Petrify
 18496 | D:13     | Paralysed by Rupert for 4 turns
 19206 | Lair:4   | Noticed Kirke
 19245 | Lair:4   | Killed Kirke
 19245 | Lair:4   | Reached skill level 1 in Transmutations
 19245 | Lair:4   | Reached skill level 1 in Earth Magic
 20189 | Lair:5   | Found a hide-covered altar of Uskayaw.
 20368 | Lair:5   | Found a runed translucent gate.
 20368 | Lair:5   | Found a runed translucent gate.
 20368 | Lair:5   | Found a runed translucent gate.
 20373 | Lair:5   | Noticed Kaofid's ghost (journeyman GrEE)
 20582 | Lair:5   | Found a viscous altar of Jiyva.
 20582 | Lair:5   | Found a staircase to the Slime Pits.
 20940 | Lair:6   | Entered Level 6 of the Lair of Beasts
 21690 | D:10     | Bought a glowing demon blade for 558 gold pieces
 22106 | Orc:1    | Reached XP level 14. HP: 66/115 MP: 14/32
 22110 | Orc:1    | Reached skill level 10 in Long Blades
 23403 | Orc:2    | Noticed Snorg
 23420 | Orc:2    | Killed Snorg
 23725 | Orc:2    | Found a staircase to the Elven Halls.
 23726 | Orc:2    | Found Hakeroer's Antique Weapon Emporium.
 23753 | Orc:2    | Found Luaturuf's Weapon Boutique.
 23764 | Orc:2    | Found Ceukau's Antique Armour Shoppe.
 23773 | Orc:2    | Found Xeeleces's Gadget Emporium.
 24409 | Lair:5   | Bought the +3 crown of Dyrovepreva {rElec Int+2 SInv} for
                  | 1035 gold pieces
 24409 | Lair:5   | Found the +3 crown of Dyrovepreva {rElec Int+2 SInv}
 25276 | Lair:6   | Identified the +3 long sword "Heniuqan" {vamp, +Fly rPois
                  | rC++ Str-4} (You found it on level 6 of the Lair of Beasts)
 26283 | D:10     | Bought an uncursed ring of protection from fire for 375
                  | gold pieces
 26365 | Spider:1 | Entered Level 1 of the Spider Nest
 26472 | Shoals:1 | Entered Level 1 of the Shoals
 26615 | Elf:1    | Entered Level 1 of the Elven Halls
 26726 | Elf:1    | Reached XP level 15. HP: 121/121 MP: 31/33
 27705 | Elf:3    | Entered Level 3 of the Elven Halls
 27900 | Elf:1    | Reached skill level 10 in Dodging
 28053 | Elf:1    | Noticed an orc warlord
 29082 | Elf:1    | Learned a level 1 spell: Apportation
 29106 | Elf:1    | Noticed a deep elf sorcerer
 29114 | Elf:1    | Killed a deep elf sorcerer
 29121 | Elf:1    | Identified the Catalogue of Supportive Conjuration
 29569 | Elf:1    | Reached skill level 5 in Armour
 29827 | Orc:1    | Slain by an orc warlord

Levels and vault maps discovered:
D:1:      minmay_arrival_cross, layout_rooms
D:2:      minmay_chambers_of_twos, layout_rooms, nemelex_spade_bored_becter,
          uniq_terence
D:3:      layout_rooms, serial_forest, infiniplex_forest_straight_2,
          infiniplex_forest_end_3, infiniplex_forest_clump_long,
          infiniplex_forest_3_way, infiniplex_forest_clump_curved,
          uniq_crazy_yiuf_cottage
D:4:      layout_loops_ring, uniq_blork_the_orc
D:5:      layout_basic, grunt_temple_overflow_diamond, elyvilon_altar_5,
          minmay_temple_entry_enclosed_plants, first_ration, uniq_pikel
D:6:      layout_loops_corners, basic_altar, serial_shops, shop_fountains,
          uniq_eustachio
D:7:      layout_gridville, minmay_misc_feat_roman
D:8:      minmay_quarter_circles, layout_basic, basic_altar, grunt_livestock
D:9:      layout_roguey, basic_altar, nrook_campfire, lightli_corner_chamber
D:10:     layout_small_grid, david_lair_shrubbed, serial_shops, shop, uniq_sonja
D:11:     layout_roguey, serial_shops, shop, basic_altar
D:12:     layout_long_grid, orc_0_dummy, basic_altar
D:13:     minmay_cornered_nines, layout_basic, st_stairs_14, uniq_rupert
D:14:     layout_loops_cross, erik_vaults_2, library_closet
Temple:   dpeg_five_rooms_temple
Lair:1:   layout_big_grid, patterned_corridor, lemuel_fruit_tree,
          minmay_lair_oklob_chamber
Lair:2:   layout_regular_city, elwin_shoals_entry_rocks,
          spider_nest_entry_web_field, serial_bayou_pond_c, grunt_megastairs_5,
          uniq_harold
Lair:3:   layout_cave_pods
Lair:4:   layout_cave_pods, worms_lemuel, uniq_kirke
Lair:5:   layout_loops_ring, slime_altar_1, basic_altar,
          ebering_ghost_rock_garden
Lair:6:   gammafunk_lair_ancient_temple, layout_concentric_octagons,
          infiniplex_staircase_pool
Shoals:1: cheibrodos_shoals_roost, layout_shoals, serial_shops, shop,
          nicolae_shoals_stone_sculpture_thing, lemuel_centaur_altar
Spider:1: layout_spider_delve, einodemon_crawler_minivault, uniq_donald,
          uniq_nikola
Orc:1:    layout_caves, special_room [special_room_kobold]
Orc:2:    st_orc_open, layout_caves, uniq_snorg
Elf:1:    eino_elf_arrival_shootout, layout_rooms, special_room
          [special_room_orc], minmay_elf_sorcery
Elf:2:    layout_rooms, gammafunk_ghost_wrathful_warriors, uniq_agnes,
          uniq_aizul
Elf:3:    elf_hall_gauntlet_narrow, layout_geoelf_grid, grunt_ministairs_7

Skill      XL: |  1  2  3  4  5  6  7  8  9 10 11 12 13 14 15 |
---------------+----------------------------------------------+-----
Fighting       | 1 2 3 4 5 6 8 9 10 11 12 13 | 13.0
Dodging        | 2 3 4 5 7 8 9 10 | 10.4
Spellcasting   | 5 6 7 9 10 12 13 14 | 14.6
Long Blades    | 1 5 7 9 13 14 | 14.0
Armour         | 2 3 5 |  5.0
Transmutations | 2 |  2.6
Earth Magic    | 2 |  2.5
Stealth        | |  1.5
Conjurations   | |  0.7
Summonings     | |  0.7
Translocations | |  0.7

Action                   |  1- 3 |  4- 6 |  7- 9 | 10-12 | 13-15 || total
-------------------------+-------+-------+-------+-------+-------++-------
Melee: Spear             |   122 |       |       |       |       ||   122
       Unarmed           |     4 |       |       |       |       ||     4
       Whip              |     8 |       |       |       |       ||     8
       Quarterstaff      |       |    92 |   294 |   202 |       ||   588
       Falchion          |       |       |       |   677 |   373 ||  1050
       Short sword       |       |       |       |    22 |    26 ||    48
       Demon blade       |       |       |       |       |   826 ||   826
Throw: Throwing net      |       |       |       |     3 |     3 ||     6
 Cast: Magic Dart        |    53 |    28 |    15 |     6 |       ||   102
       Call Imp          |     3 |     3 |     2 |     1 |     1 ||    10
       Mephitic Cloud    |     1 |     7 |    24 |    75 |   114 ||   221
       Blink             |     1 |     1 |     1 |       |     5 ||     8
       Conjure Flame     |       |       |       |       |     1 ||     1
Invok: Call Merchant     |       |       |     1 |     1 |     1 ||     3
       Potion Petition   |       |       |       |     1 |     2 ||     3
 Abil: Evoke Invisibilit |       |       |       |     2 |     4 ||     6
Evoke: Wand              |       |    15 |     8 |    29 |    17 ||    69
  Use: Scroll            |     7 |     3 |     4 |    21 |    20 ||    55
 Stab: Sleeping          |     3 |     3 |     1 |     2 |     2 ||    11
       Confused          |       |     4 |     6 |    43 |    45 ||    98
       Paralysed         |       |       |     4 |     1 |       ||     5
       Petrified         |       |       |     1 |     7 |       ||     8
       Distracted        |       |       |     1 |     2 |     5 ||     8
       Held in net/web   |       |       |       |     1 |     3 ||     4
       Invisible         |       |       |       |       |     1 ||     1
Armor: Robe              |    39 |    15 |   111 |       |       ||   165
       Leather armour    |       |       |     8 |   364 |   320 ||   692
Dodge: Dodged            |   104 |    64 |   225 |   813 |   739 ||  1945
       Rpst.: Falchion   |       |       |       |   150 |    54 ||   204
       Demon blade       |       |       |       |       |   108 ||   108
